AoeStats
← waltwhite

Nomad

510224535Analyzed
4v4 RM · 3d ago on Sep 30, 2026· 29m 15s· 8 players
Game mode
Random Map
Map size
231×231
Population
200
Speed
Normal
Resources
Standard
Victory
Conquest
Starting age
Dark Age
Ending age
Imperial Age
RankedLock teamsTeams togetherTeam positionsShared explorationLock speedFull tech treeHidden civsTurbo modeCheats
Victory
Defeat
🇵🇷 Persians · Puerto Rico
774
+7
🇦🇷 Sicilians · Argentina
714
+9
🇺🇸 Danes · United States
620
+12
🇨🇳 Celts · China
366
+21
🇺🇸 Teutons · United States
583
-14
🇺🇸 Britons · United States
565
-13
🇺🇸 Varangians · United States
500
-11
🇺🇸 Vikings · United States
498
-11
FunkyBiz
4:30 Loom
16:46 Feudal Age
18:21 Wheelbarrow
17:47 Double-Bit Axe
17:46 Horse Collar
20:36 Fishing Lines
25:53 Castle Age
26:42 Gold Mining
26:44 Stone Mining
27:16 Hand Cart
27:23 Forging
27:06 Fletching
27:55 Pikeman
Kayak
10:50 Loom
19:30 Feudal Age
20:09 Horse Collar
20:17 Double-Bit Axe
22:56 Wheelbarrow
23:15 Man-at-Arms
26:09 Forging
mrwooten
3:40 Loom
14:40 Feudal Age
15:56 Wheelbarrow
15:11 Double-Bit Axe
15:09 Horse Collar
26:40 Castle Age
26:05 Man-at-Arms
27:00 Forging
27:47 Long Swordsman
27:48 Pikeman
waltwhite
24:48 Feudal Age
isthisthingon
17:41 Feudal Age
18:31 Double-Bit Axe
18:46 Fishing Lines
21:09 Man-at-Arms
29:34 Castle Age
28:30 Stone Mining
28:52 Fletching
29:12 Forging
yamir0000
4:23 Loom
15:43 Feudal Age
18:09 Double-Bit Axe
19:56 Wheelbarrow
23:52 Castle Age
23:24 Scale Barding Armor
23:31 Forging
23:06 Horse Collar
elnano4cchi
10:21 Loom
16:03 Feudal Age
16:48 Double-Bit Axe
18:36 Stone Mining
19:41 Fishing Lines
28:22 Castle Age
おに惨
19:41 Feudal Age
23:16 Wheelbarrow
22:27 Town Watch
22:28 Loom
23:24 Double-Bit Axe
23:23 Horse Collar
23:36 Stone Mining
25:38 Gold Mining
29:40 Castle Age
Connection lost

Rejoining the realm…

Still unreachable

The connection could not be restored.

Session expired

The server has moved on; the page needs a fresh start.